 Dungeon Crawl Stone Soup version 0.22-a0-348-gd16d139 (webtiles) character file.

1895 Firecrotchwizard the Grappler (level 9, -2/48 HPs)
             Began as a Vine Stalker Fighter on Apr 12, 2018.
             Slain by a troll (10 damage)
             ... on level 6 of the Dungeon.
             The game lasted 00:10:15 (4976 turns).

Firecrotchwizard the Grappler (VSFi)                Turns: 4976, Time: 00:10:16

Health: -2/48      AC: 12    Str: 21    XL:     9   Next: 15%
Magic:  0/10       EV:  4    Int:  8    God:
Gold:   284        SH: 10    Dex: 15    Spells: 8/8 levels left

rFire    . . .     SeeInvis .     - Unarmed
rCold    + . .     Gourm    .   b - +0 shield
rNeg     . . .     Faith    .   y - +0 plate armour
rPois    .         Spirit   +   (no helmet)
rElec    .         Reflect  .   g - +0 cloak
rCorr    .         Harm     .   (no gloves)
MR       +....                  (no boots)
Stlth    ..........             (no amulet)
HPRegen  0.56/turn              p - ring of protection from cold {rC+, !d}
MPRegen  0.12/turn              a - ring of flight {+Fly, !d}

@: no status effects
A: fangs 3, regeneration 1, magic shield, antimagic bite, no potion heal 3, rot
immunity
a: Evoke Flight


You were on level 6 of the Dungeon.
You were not hungry.

You visited 1 branch of the dungeon, and saw 6 of its levels.

You collected 284 gold pieces.

Inventory:

Hand Weapons
 G - a +0 antimagic dagger
   (You took it off an orc on level 5 of the Dungeon)
Missiles
 H - a throwing net {=f, !d}
Armour
 b - a +0 shield (worn)
 g - a +0 cloak (worn)
   (You found it on level 1 of the Dungeon)
 h - a scarf of resistance
   (You found it on level 1 of the Dungeon)
 l - a +0 chain mail
   (You found it on level 2 of the Dungeon)
 y - a +0 plate armour (worn)
   (You took it off an orc warrior on level 5 of the Dungeon)
Jewellery
 a - a ring of flight (right hand) {+Fly, !d}
   (You found it on level 4 of the Dungeon)
 p - a ring of protection from cold (left hand) {rC+, !d}
   (You found it on level 4 of the Dungeon)
Wands
 w - a wand of acid (8)
   (You found it on level 6 of the Dungeon)
Scrolls
 e - 3 scrolls of teleportation {unknown}
 f - 2 scrolls of remove curse {unknown}
 i - 2 scrolls of enchant armour {unknown}
 k - a scroll of enchant weapon {unknown}
 m - a scroll of blinking {unknown}
 n - 2 scrolls of amnesia {unknown}
 r - 9 scrolls of identify {unknown}
 t - a scroll of fog {unknown}
 u - a scroll of fear {unknown}
 v - a scroll of magic mapping {unknown}
 D - a scroll of random uselessness {unknown}
Potions
 c - a potion of might
 j - 2 potions of invisibility {unknown}
 o - a potion of heal wounds {unknown}
 q - a potion of brilliance {unknown}
 s - 6 potions of curing {unknown}
 z - 2 potions of flight {unknown}
 B - a potion of resistance {unknown}
 C - a potion of degeneration {unknown}
Comestibles
 d - 11 rations {@e1}
 A - 12 chunks of flesh {@w0}


   Skills:
 + Level 5.9 Fighting
 - Level 2.4 Armour
 + Level 5.9 Shields
 * Level 8.5 Unarmed Combat


You had 8 spell levels left.
You didn't know any spells.

Dungeon Overview and Level Annotations

Branches:
Dungeon (6/15)             Temple (0/1) D:5

Altars:
Ashenzari
Kikubaaqudgha

Shops:
D:5 !


Innate Abilities, Weirdness & Mutations

You have razor-sharp teeth.
Your natural rate of healing is unusually fast.
When hurt, damage is shared between your health and your magic reserves.
Your bite disrupts and absorbs the magic of your enemies.
Potions cannot restore your health.
You are immune to rotting.


Message History

You now have 284 gold pieces (gained 12).
You punch the worm! You bite the worm. You drain its power. You hit the worm.
The worm bites you.
You take 5 damage, and have 43/48 hp.
You now have 9/10 mp.
Your shield and plate armour prevent you from hitting the worm.
Your bite misses the worm. You punch the worm!
You kill the worm!
No target in view!
You start resting.
Health restored: 48; MP restored: 10 A shadow imp comes into view.
The shadow imp shouts, "Disclaim thyself, thou puny weeb-spouting codpiece!"
You see here a worm corpse.
A shadow imp is nearby!
You butcher the worm corpse.
You see here 2 chunks of flesh {@w0}.
A - 13 chunks of flesh {@w0} (gained 2)
You hit the shadow imp. Your bite misses the shadow imp.
The shadow imp shouts, "Take thy face hence, thou obnoxious hell-hated tiler!"
The shadow imp hits you but does no damage.
You punch the shadow imp!
You kill the shadow imp!
No target in view!
Eating one of 13 chunks of flesh {@w0}.
You eat one of the 13 chunks of flesh {@w0}.
Found a stone staircase leading up.
r - 9 scrolls labeled ZOBYOSONTA (gained 1)
w - a wand of acid (10) No target in view!
An orc, an orc priest and an orc wizard come into view.
The orc priest shouts!
The orc wizard shouts!
The orc shouts!
You hear a shout! x2
The orc moves out of view.
An orc and an orc priest come into view.
There are monsters nearby!
You hit the orc priest but do no damage.
The orc priest looks encouraged for a moment.
You hit the orc priest but do no damage.
You completely miss the orc priest. Your bite misses the orc priest.
You block the orc priest's attack.
You punch the orc priest!
You kill the orc priest!
A troll comes into view.
You closely miss the orc priest.
The troll shouts!
You block the orc priest's attack.
You pummel the orc priest!!
You kill the orc priest!
You block the orc wizard's attack.
Items here: )) [[ a dagger; a dyed leather armour; a falchion; a ring mail You closely miss the orc wizard.
The orc wizard barely misses you.
You hit the orc wizard. You bite the orc wizard.
The orc wizard's magic leaks into the air.
You drain its magic. You block the orc wizard's attack.
You closely miss the orc wizard. You bite the orc wizard.
The orc wizard's magic leaks into the air.
You drain its magic.
The orc wizard falters for a moment.
You punch the orc wizard!
You kill the orc wizard!
Your shield and plate armour prevent you from hitting the orc.
You bite the orc. You drain its power. You block the orc's attack.
You punch the orc!
You kill the orc!
You barely miss the orc. You block the orc's attack.
You punch the orc!
You kill the orc!
The troll bites you but does no damage. The troll barely misses you.
You block the troll's attack.
Items here: ))) [[ ††† You punch the troll!
Your bite misses the troll. The troll bites you!
The troll claws you but does no damage. You block the troll's attack.
You take 10 damage, and have 38/48 hp.
MASSIVE DAMAGE!!
You now have 8/10 mp.
Your shield prevents you from hitting the troll.
Your bite misses the troll. The troll bites you! The troll claws you!
You block the troll's attack.
You take 18 damage, and have 20/48 hp.
MASSIVE DAMAGE!!
You now have 4/10 mp.
You hit the troll. The troll bites you but does no damage.
You block the troll's attack. x2
You closely miss the troll. Your bite misses the troll. The troll bites you!
* * * LOW HITPOINT WARNING * * *
You block the troll's attack. The troll claws you but does no damage.
You take 7 damage, and have 13/48 hp.
You now have 2/10 mp.
Items here: )) [[ a dagger; a dyed leather armour; a falchion; a ring mail
Aim: a troll (lightly wounded)
The bolt of acid hits the troll.
The troll is splashed with acid.
You block the troll's attack. The troll claws you.
* * * LOW HITPOINT WARNING * * *
The troll claws you.
* * * LOW HITPOINT WARNING * * *
You take 5 damage, and have 8/48 hp.
Aim: a troll (heavily wounded)
The bolt of acid hits the troll.
The troll is splashed with acid.
The acid corrodes the troll!
The troll bites you!
You die...

#.#..##<.....
#.#>..)[.....
#.##.##.#####
#.##.##.#####
#............
####.###.##.#
#####.....#.##.#
##..######...#.###.#.##.#
.......T@....#.# #...##.#
......####...#.###.####.#
...## ####.##.....# #.. .
#......###### ###
#.##.#.# #.##.#.#
#.##.#.# #.##.#.#
#.##.#.#


You could see a troll.

Vanquished Creatures
  Pikel (D:4)
  Menkaure (D:5)
  An orc warrior (D:5)
  An ogre (D:5)
  A centaur (D:5)
  Blork the orc (D:4)
  A scorpion (D:5)
  A crimson imp (D:5)
  A bullfrog zombie (D:5)
  2 hounds (D:5)
  A jelly (D:5)
  6 orc priests
  A centaur skeleton (D:5)
  5 orc wizards
  Terence (D:2)
  6 worker ants
  A hound skeleton (D:4)
  3 gnolls (D:2)
  6 adders
  2 shadow imps (D:6)
  An ooze (D:5)
  7 worms
  2 dart slugs
  7 leopard geckos
  32 orcs
  12 giant cockroaches
  8 goblins
  9 hobgoblins
  4 jackals
  4 kobolds
  2 quokkas (D:2)
  11 bats
  2 frilled lizards
  A jackal skeleton (D:5)
  A leopard gecko skeleton (D:4)
  8 rats
154 creatures vanquished.

Notes
Turn   | Place    | Note
-------+----------+-------------------------------------------
     0 | D:1      | Firecrotchwizard the Vine Stalker Fighter began the quest for the Orb.
     0 | D:1      | Reached XP level 1. HP: 11/11 MP: 2/2
    61 | D:1      | Reached XP level 2. HP: 16/16 MP: 3/3
   708 | D:1      | Reached skill level 3 in Fighting
   708 | D:1      | Reached skill level 3 in Shields
   708 | D:1      | Reached XP level 3. HP: 20/20 MP: 4/4
  1012 | D:2      | Found a shattered altar of Ashenzari.
  1012 | D:2      | Found an ancient bone altar of Kikubaaqudgha.
  1188 | D:2      | Reached skill level 3 in Unarmed Combat
  1561 | D:2      | Gained mutation: Your natural rate of healing is unusually fast. [Vine Stalker growth]
  1561 | D:2      | Reached XP level 4. HP: 15/24 MP: 5/5
  1822 | D:2      | Reached XP level 5. HP: 25/28 MP: 6/6
  1850 | D:2      | Noticed Terence
  1875 | D:2      | Killed Terence
  1875 | D:2      | Reached skill level 4 in Unarmed Combat
  2611 | D:3      | Reached XP level 6. HP: 31/33 MP: 7/7
  3523 | D:4      | Got a jewelled flail
  3573 | D:4      | Noticed Pikel
  3573 | D:4      | Noticed a slave
  3573 | D:4      | Noticed a slave
  3573 | D:4      | Noticed a slave
  3573 | D:4      | Noticed a slave
  3624 | D:4      | Killed Pikel
  3624 | D:4      | Reached skill level 4 in Fighting
  3624 | D:4      | Reached skill level 4 in Shields
  3624 | D:4      | Reached skill level 6 in Unarmed Combat
  3624 | D:4      | Reached XP level 7. HP: 36/38 MP: 8/8
  3728 | D:4      | Noticed Blork the orc
  3739 | D:4      | Killed Blork the orc
  3798 | D:4      | Gained mutation: You have razor-sharp teeth. [Vine Stalker growth]
  3798 | D:4      | Reached XP level 8. HP: 42/42 MP: 9/9
  3884 | D:5      | Entered Level 5 of the Dungeon
  3905 | D:5      | Reached skill level 5 in Fighting
  3905 | D:5      | Reached skill level 5 in Shields
  3955 | D:5      | Reached skill level 7 in Unarmed Combat
  3994 | D:5      | HP: 10/43 [orc warrior/short sword (4)]
  4126 | D:5      | Noticed Menkaure
  4138 | D:5      | Killed Menkaure
  4146 | D:5      | Found a staircase to the Ecumenical Temple.
  4336 | D:5      | Reached skill level 8 in Unarmed Combat
  4602 | D:5      | Found Leum's Distillery.
  4777 | D:5      | Reached XP level 9. HP: 46/48 MP: 8/10
  4958 | D:6      | Noticed a troll
  4975 | D:6      | HP: 8/48 [troll (5)]
  4976 | D:6      | Slain by a troll

Vault maps used:
D:1:      dpeg_arrival_subterranean_lakeside_camping, nrook_mini_backslash,
          minmay_bisected
D:2:      grunt_temple_overflow_open, kennysheep_generic_room_2, uniq_terence
D:4:      uniq_blork_the_orc, uniq_pikel
D:5:      minmay_temple_entry_statues, serial_shops, shop_statue, first_ration,
          uniq_menkaure

Skill      XL: |  1  2  3  4  5  6  7  8 |
---------------+-------------------------+-----
Fighting       | 3 4 5 |  5.9
Shields        | 3 4 5 |  5.9
Unarmed Combat | 3 4 6 8 |  8.5
Armour         | |  2.4

Action                   |  1- 3 |  4- 6 |  7- 9 || total
-------------------------+-------+-------+-------++-------
Melee: Unarmed           |   133 |   244 |   219 ||   596
       Bite              |    31 |    91 |    83 ||   205
Evoke: Wand              |       |       |     2 ||     2
  Use: Potion            |       |       |     1 ||     1
  Eat: Chunk             |     2 |     7 |     5 ||    14
Armor: Scale mail        |    49 |       |       ||    49
       Chain mail        |    20 |    71 |    71 ||   162
       Plate armour      |       |       |     5 ||     5
Dodge: Dodged            |    29 |    29 |    22 ||    80
Block: Shield            |    73 |    99 |    76 ||   248

Table legend:
 A = Spawn XP
 B = Non-spawn XP
 C = Spawn XP percentage of total XP
 D = Spawn monster count
 E = Non-spawn monster count
 F = Spawn count percentage of total count
 G = Total turns spent on level
                    A         B        C        D         E        F      G
               +---------+---------+-------+---------+---------+-------+---------
         Total |       0 |    2708 |   0.0 |       0 |     154 |   0.0 |  4976
               +---------+---------+-------+---------+---------+-------+---------
           D:1 |       0 |      37 |   0.0 |       0 |      21 |   0.0 |  1012
           D:2 |       0 |     188 |   0.0 |       0 |      33 |   0.0 |  1454
           D:3 |       0 |     166 |   0.0 |       0 |      33 |   0.0 |   789
           D:4 |       0 |     891 |   0.0 |       0 |      14 |   0.0 |   629
           D:5 |       0 |    1178 |   0.0 |       0 |      39 |   0.0 |   906
           D:6 |       0 |     248 |   0.0 |       0 |      14 |   0.0 |   186
               +---------+---------+-------+---------+---------+-------+---------

Vault maps used:
D:1:      dpeg_arrival_subterranean_lakeside_camping, nrook_mini_backslash,
          minmay_bisected
D:2:      grunt_temple_overflow_open, kennysheep_generic_room_2, uniq_terence
D:4:      uniq_blork_the_orc, uniq_pikel
D:5:      minmay_temple_entry_statues, serial_shops, shop_statue, first_ration,
          uniq_menkaure

Table legend:
 A = Turns spent in this place as a percentage of turns spent in the entire game.
 B = Non-inter-level travel turns spent in this place as a percentage of non-inter-level travel turns spent in the entire game.
 C = Inter-level travel turns spent in this place as a percentage of turns spent in this place.
 D = Turns resting spent in this place as a percentage of non-inter-level travel turns spent in this place.
 E = Turns spent auto-exploring this place as a percentage of non-inter-level travel turns spent in this place.
 F = Non-inter-level travel turns spent in this place divided by the number of levels of this place that you've seen.
                   A       B       C       D       E      F
               +-------+-------+-------+-------+-------+----------------------
         Total | 100.0 | 100.0 |   6.0 |  19.3 |  57.1 | 779.3
       Dungeon | 100.0 | 100.0 |   6.0 |  19.3 |  57.1 | 779.3
               +-------+-------+-------+-------+-------+----------------------

Table legend:
 A = Kills in this place as a percentage of kills in entire the game.
 B = Kills by you in this place as a percentage of kills by you in the entire game.
 C = Kills by friends in this place as a percentage of kills by friends in the entire game.
 D = Other kills in this place as a percentage of other kills in the entire game.
 E = Experience gained in this place as a percentage of experience gained in the entire game.
 F = Experience gained in this place divided by the number of levels of this place that you have seen.
                   A       B       C       D       E      F
               +-------+-------+-------+-------+-------+----------------------
         Total | 100.0 | 100.0 |   N/A |   N/A | 100.0 | 451.3
       Dungeon | 100.0 | 100.0 |   N/A |   N/A | 100.0 | 451.3
               +-------+-------+-------+-------+-------+----------------------
